 Dungeon Crawl Stone Soup version 0.29-a0-789-g7a8fcbc185 (webtiles) character file.

Game seed: 9558453220538396018

79 quinnr the Gusty (level 4, -4/24 HPs)
             Began as a Tengu Air Elementalist on July 2, 2022.
             Slain by a goblin
             ... wielding a +0 dagger
             ... led by Robin
              (6 damage)
             ... on level 2 of the Dungeon.
             The game lasted 00:03:23 (2188 turns).

quinnr the Gusty (Tengu Air Elementalist)           Turns: 2188, Time: 00:03:23

Health: -4/24      AC:  2    Str:  9    XL:     4   Next: 37%
Magic:  4/8        EV: 12    Int: 17    God:
Gold:   61         SH:  0    Dex: 14    Spells: 4/7 levels left

rFire   . . .      SeeInvis .   (no weapon)
rCold   . . .      Faith    .   (no shield)
rNeg    . . .      Spirit   .   a - +0 robe
rPois   .          Reflect  .   (helmet restricted)
rElec   .          Harm     .   (no cloak)
rCorr   .          Rampage  .   (no gloves)
Will    .....                   (boots unavailable)
Stlth   ++........              (no amulet)
HPRegen 0.08/turn               (no ring)
MPRegen 0.11/turn               (no ring)

@: flying, hasted, very quick
A: beak, talons 3
a: no special abilities


You were on level 2 of the Dungeon.
You visited 1 branch of the dungeon, and saw 2 of its levels.

You collected 61 gold pieces.

Inventory:

Missiles
 e - 5 poisoned darts
Armour
 a - a +0 robe (worn)
Scrolls
 c - a scroll of identify {unknown}
 f - a scroll of poison {unknown}
 i - a scroll of silence {unknown}
Potions
 b - 3 potions of magic


   Skills:
 - Level 2.1 Dodging
 - Level 2.0 Stealth
 - Level 2.0 Spellcasting
 - Level 1.3 Conjurations
 + Level 6.7 Air Magic


You had 4 spell levels left.
You knew the following spells:

 Your Spells              Type           Power      Damage    Failure   Level
a - Shock                 Conj/Air       60%        1d6       3%          1
b - Static Discharge      Conj/Air       15%        3-5/arc   5%          2

Your spell library contained the following spells:

 Spells                   Type           Power      Damage    Failure   Level
 Swiftness                Air            24%        N/A       3%          3
 Airstrike                Air            12%        0-5+      12%         4
 Dazzling Flash           Conj/Hex       8%         N/A       41%         3
 Silence                  Hex/Air        6%         N/A       80%         5
 Agony                    Necr           1%         N/A       99%         5


Dungeon Overview and Level Annotations

Branches:
Dungeon (2/15)

Altars:

Shops:
D:1 =

Annotations:
D:2 Robin


Innate Abilities, Weirdness & Mutations

You have a beak for a mouth.
You have claws for feet.


Message History

Things that are here:
a +0 dagger; a goblin corpse Robin attacks as you move away!
Robin hits you with a +0 whip. The goblin barely misses you.
Robin roars a battlecry!
The goblin goes into a battle-frenzy!
The zap hits Robin.
Robin is heavily wounded.
The zap hits the goblin.
You kill the goblin!
The zap hits Robin.
Robin is severely wounded.
Robin attacks as you move away! Robin misses you.
Robin attacks as you move away! Robin hits you with a +0 whip.
Robin says, "A pitiful Tengu like you will never find the ORB!"
Robin says, "A pitiful Tengu like you will never find the ORB!"
Robin attacks as you move away! Robin hits you with a +0 whip.
Robin attacks as you move away! Robin hits you with a +0 whip.
* * * LOW HITPOINT WARNING * * *
There is a stone staircase leading up here.
It was a potion of flight.
You feel very buoyant.
You fly up into the air.
Robin hits you but does no damage.
It was a potion of curing.
You feel better. Robin hits you with a +0 whip.
The gnoll hits you with a +0 club.
* * * LOW HITPOINT WARNING * * *
A goblin comes into view. It is wielding a +0 dagger.
It was a potion of haste.
You feel yourself speed up. Robin barely misses you.
The gnoll barely misses you.
Robin's bangles clink loudly.
Robin roars a battlecry!
The goblin goes into a battle-frenzy!
The goblin shouts!
Robin throws the goblin at you!
* * * LOW HITPOINT WARNING * * *
The goblin hits you with a +0 dagger.
* * * LOW HITPOINT WARNING * * *
You barely miss the goblin. Your kick misses the goblin.
You hit the goblin but do no damage. The goblin hits you with a +0 dagger.
You die...

#..........#
#......
#.######..##
#.##### #.
#..# #.# #
#..# #.#
#..# #.#
#†.# #.#
####..#
#.#####
#.g...#
##.#...#
#@###.#
##.......
#.# #.#
#........ ..
. #g# #.#
#........
.#. #.# #.#
#......##
... #.# #.#
##...##.[
..# #
###g###.#
#..#..#. #.#
#.#.....#.#
#.##.##. #.#
#.#.....#.#
#.##..## #.#
#..<......#
#...##..


You could see Robin, a gnoll and a goblin (strong).

Vanquished Creatures
  Terence (D:2)
  2 adders (D:2)
  A dart slug (D:1)
  2 giant cockroaches
  10 goblins
  5 hobgoblins
  2 kobolds (D:1)
  2 ball pythons
  5 bats
  2 rats (D:2)
32 creatures vanquished.

Notes
Turn   | Place    | Note
-------+----------+-------------------------------------------
     0 | D:1      | quinnr the Tengu Air Elementalist began the quest for the
                  | Orb.
     0 | D:1      | Reached XP level 1. HP: 10/10 MP: 4/4
    87 | D:1      | Found Torchaese's Jewellery Boutique.
   316 | D:1      | Reached XP level 2. HP: 15/15 MP: 0/6
   485 | D:1      | Reached skill level 5 in Air Magic
  1160 | D:2      | Noticed Robin
  1185 | D:1      | Learned a level 2 spell: Static Discharge
  1230 | D:2      | Reached XP level 3. HP: 19/19 MP: 5/7
  1448 | D:2      | Reached skill level 6 in Air Magic
  1727 | D:2      | Noticed Terence
  1749 | D:2      | Killed Terence
  1750 | D:2      | Reached XP level 4. HP: 7/24 MP: 1/8
  2186 | D:2      | HP: 1/24 [goblin/+0 dagger[Robin] (4)]
  2188 | D:2      | Slain by a goblin

Illustrated notes

Levels and vault maps discovered:
D:1:      dpeg_arrival_fog, layout_loops_corners, serial_shops, shop
D:2:      layout_loops_ring, basic_altar, minmay_pentomino_pile, uniq_robin,
          uniq_terence

Skill      XL: |  1  2  3 |
---------------+----------+-----
Air Magic      | 5 6 |  6.7
Dodging        | |  2.1
Stealth        | |  2.0
Spellcasting   | |  2.0
Conjurations   | |  1.3

Action                   |  1- 3 |  4- 6 || total
-------------------------+-------+-------++-------
Melee: Unarmed           |     3 |     3 ||     6
       Kick              |     2 |     1 ||     3
 Cast: Shock             |    62 |    11 ||    73
  Use: Potion            |       |     3 ||     3
Armor: Robe              |     8 |     1 ||     9
Dodge: Dodged            |    19 |     4 ||    23

Table legend: (Time is in decaauts)
 A = Elapsed time spent in this place.
 B = Non-inter-level travel time spent in this place.
 C = Inter-level travel time spent in this place.
 D = Time resting spent in this place.
 E = Time spent auto-exploring this place.
 F = Levels seen in this place.
 G = Mean time per level.
                   A        B        C        D        E       F      G
               +--------+--------+--------+--------+--------+-----+--------+
         Total |   2184 |   2149 |     35 |     28 |   1879 |   2 | 1092.0 |
       Dungeon |   2184 |   2149 |     35 |     28 |   1879 |   2 | 1092.0 |
               +--------+--------+--------+--------+--------+-----+--------+

Top non-repeatable levels by time:
     D:1: 1202 daAuts
     D:2: 982 daAuts
